 Dungeon Crawl Stone Soup version 0.31-a0-236-g9a0961fb85 (webtiles) character file.

Game seed: 1497620120582533170

1498 qw the Skirmisher (level 8, -2/49 HPs)
             Began as a Gargoyle Hexslinger on July 10, 2023.
             Killed from afar by a steam dragon (17 damage)
             ... with a ball of steam
             ... on level 6 of the Dungeon.
             The game lasted 00:02:02 (5268 turns).

qw the Skirmisher (Gargoyle Hexslinger)             Turns: 5268, Time: 00:02:03

Health: -2/49      AC: 13    Str: 12    XL:     8   Next: 81%
Magic:  0/9        EV: 11    Int: 14    God:
Gold:   153        SH:  0    Dex: 14    Spells: 8/9 levels left

rFire   . . .        Y - +1 orcbow (flame)
rCold   . . .        (shield currently unavailable)
rNeg    + . .        d - +0 ring mail
rPois   inf          (no helmet)
rElec   +            (no cloak)
rCorr   .            (no gloves)
SInv    .            b - +1 pair of boots
Will    .....        k - amulet of guardian spirit
Stlth   +            (no ring)
HPRegen 0.28/turn    (no ring)
MPRegen 0.11/turn

%: guardian spirit
@: no status effects
A: sickness immunity, AC +5, negative energy resistance 1, electricity
resistance, torment resistance 1, petrification resistance
a: no special abilities


You were on level 6 of the Dungeon.
You visited 2 branches of the dungeon, and saw 7 of its levels.

You collected 462 gold pieces.
You spent 309 gold pieces at shops.


Innate Abilities, Weirdness & Mutations

You are immune to sickness and miasma.
Your stone body is resilient. (AC +5)
You are immune to poison.
You resist negative energy. (rN+)
You are resistant to electric shocks. (rElec)
You are resistant to unholy torment.
You are immune to petrification.


   Skills:
 + Level 5.3 Fighting
 - Level 9.2 Ranged Weapons
 - Level 2.5 Armour
 - Level 2.1 Dodging
 - Level 1.0 Spellcasting
 - Level 2.6 Hexes


You had 8 spell levels left.
You knew the following spells:

 Your Spells              Type           Power      Damage    Failure   Level
a - Slow                  Hex            32%        N/A       19%         1

Your spell library contained the following spells:

 Spells                   Type           Power      Damage    Failure   Level
 Inner Flame              Hex/Fire       4%         N/A       69%         3
 Portal Projectile        Hex/Tloc       8%         N/A       69%         3
 Cause Fear               Hex            4%         N/A       88%         4

Inventory:

Hand Weapons
 Y - a +1 orcbow of flaming (weapon)
Armour
 b - a +1 pair of boots (worn)
 d - a +0 ring mail (worn)
Jewellery
 k - an amulet of guardian spirit (around neck)
Wands
 a - a wand of digging (5)
Scrolls
 e - a scroll of teleportation
 j - a scroll of identify
 l - a scroll of revelation {unknown}
 n - a scroll of butterflies {unknown}
Potions
 c - a potion of resistance
 f - a potion of might
 g - a potion of heal wounds
 h - a potion of curing
 i - a potion of haste
 m - a potion of enlightenment {unknown}

Dungeon Overview and Level Annotations

Branches:
Dungeon (6/15)             Temple (1/1) D:6

Altars:
Ashenzari
Cheibriados
Dithmenos
Elyvilon
Fedhas
Hepliaklqana
Kikubaaqudgha
Makhleb
Nemelex Xobeh
Qazlal
Ru
Trog
Yredelemnul
Zin
The Shining One

Shops:
D:4 *(:(


Message History

The arrow burns the steam dragon.
The steam dragon is almost dead.
The steam dragon bites you. The steam dragon closely misses you.
You shoot an arrow.
The arrow hits the steam dragon but does no damage.
The steam dragon is almost dead.
The steam dragon misses you.
The steam dragon claws you but does no damage.
You shoot an arrow.
The arrow closely misses the steam dragon.
The steam dragon breathes steam at you. The ball of steam hits you!
You shoot an arrow.
The arrow barely misses the steam dragon.
You are engulfed in a cloud of scalding steam.
The steam dragon barely misses you. x2; The steam dragon bites you.
The steam dragon claws you but does no damage.
You shoot an arrow.
The arrow barely misses the steam dragon.
You are engulfed in a cloud of scalding steam.
The steam dragon breathes steam at you. The ball of steam hits you.
You shoot an arrow.
The arrow closely misses the steam dragon.
You are engulfed in a cloud of scalding steam.
The steam dragon closely misses you. The steam dragon misses you.
You shoot an arrow.
The arrow barely misses the steam dragon.
The steam dragon bites you but does no damage.
The steam dragon barely misses you.
You shoot an arrow.
The arrow barely misses the steam dragon.
The steam dragon barely misses you.
The steam dragon claws you but does no damage.
You shoot an arrow. The arrow hits the steam dragon.
The arrow burns the steam dragon.
The steam dragon is almost dead.
The steam dragon breathes steam at you. The ball of steam hits you!!
You die...

### <.# ###### # #.#
#....# .. #.# #....# ...
..# #....# .(.. .##
#....# .>... .#
#..<.##...... .#
#....@D.<.... >#
#....##...... .#####
#....# ..... .....#
#....# .... .....#
####....## #.#
.....##...)......# #.#
.....##..........# ..#
.................####.#
.....##...........##..###


You could see a steam dragon (catching breath).

Vanquished Creatures
  A water moccasin (D:6)
  An ice beast (D:5)
  A sky beast (D:5)
  An ogre (D:4)
  2 black bears
  2 centaurs (D:5)
  4 scorpions
  2 hounds
  3 jellies (D:6)
  4 iguanas
  A sleepcap (D:5)
  3 orc wizards
  3 gnolls (D:6)
  8 adders
  A white imp (D:5)
  A worm (D:2)
  4 dart slugs
  17 orcs
  3 bats
  7 endoplasms
  4 giant cockroaches
  8 goblins
  7 hobgoblins
  3 jackals (D:3)
  4 quokkas
  6 ball pythons
  3 frilled lizards (D:1)
  5 kobolds
  5 rats
114 creatures vanquished.

Notes
Turn   | Place    | Note
-------+----------+-------------------------------------------
     0 | D:1      | qw the Gargoyle Hexslinger began the quest for the Orb.
     0 | D:1      | Reached XP level 1. HP: 12/12 MP: 2/2
     0 | D:1      | 0 ||| qw: Version: 0.3-a-52-g30416fa
     0 | D:1      | 0 ||| qw: Game counter: 4542
     0 | D:1      | 0 ||| qw: Melee chars always use a shield: true
     0 | D:1      | 0 ||| qw: God list: Okawaru
     0 | D:1      | 0 ||| qw: Allow faded altars: false
     0 | D:1      | 0 ||| qw: Do Orc after clearing Dungeon:15 true
     0 | D:1      | 0 ||| qw: Do second Lair branch before Depths: true
     0 | D:1      | 0 ||| qw: Lair rune preference: random
     0 | D:1      | 0 ||| qw: Goals: Normal
     0 | D:1      | 0 ||| PLANNING D:1-11
   225 | D:1      | Reached XP level 2. HP: 16/16 MP: 3/3
   400 | D:1      | Reached skill level 3 in Ranged Weapons
   442 | D:1      | HP: 4/16 [hobgoblin (2)]
   704 | D:1      | 704 ||| UPGRADING to +0 pair of boots.
   709 | D:1      | 709 ||| UPGRADING to +0 leather armour.
   719 | D:1      | 719 ||| DROPPING +0 robe.
   720 | D:1      | 720 ||| READING 2 scrolls labelled ETAUDARUEL.
   721 | D:1      | 721 ||| READING 2 scrolls labelled ZACREB VAFF.
   722 | D:1      | 722 ||| DRINKING 2 dark potions.
   723 | D:1      | 723 ||| DRINKING 2 white potions.
   724 | D:1      | 724 ||| DROPPING scroll of fear.
   725 | D:1      | 725 ||| DROPPING scroll of poison.
   726 | D:1      | 726 ||| DROPPING potion of invisibility.
   777 | D:2      | Reached XP level 3. HP: 21/21 MP: 4/4
   927 | D:2      | Reached XP level 4. HP: 25/26 MP: 5/5
  1143 | D:2      | Reached skill level 4 in Ranged Weapons
  1226 | D:2      | Found a faded altar of an unknown god.
  1495 | D:2      | 1495 ||| UPGRADING to +1 pair of boots.
  1505 | D:2      | 1505 ||| DROPPING +0 pair of boots.
  1506 | D:2      | 1506 ||| READING scroll labelled FAINTERRIN.
  1507 | D:2      | 1507 ||| DRINKING 2 fuming yellow potions.
  1508 | D:2      | 1508 ||| READING 2 scrolls of identify.
  1508 | D:2      | 1508 ||| IDENTIFYING viscous green potion
  1819 | D:3      | 1819 ||| SWAPPING to +3 sling of draining.
  1820 | D:3      | 1820 ||| DROPPING +1 sling.
  1894 | D:3      | 1894 ||| Stepping ~*~*~tactically~*~*~ (outnumbered).
  1897 | D:3      | 1897 ||| DRINKING 3 potions of curing.
  1897 | D:3      | 1897 ||| (to cure confusion)
  1900 | D:3      | 1900 ||| DRINKING 2 potions of curing.
  1900 | D:3      | 1900 ||| (to cure confusion)
  1907 | D:3      | Reached XP level 5. HP: 23/30 MP: 6/6
  1915 | D:3      | Reached skill level 5 in Ranged Weapons
  2322 | D:3      | 2322 ||| UPGRADING to +0 ring mail.
  2332 | D:3      | 2332 ||| DROPPING +0 leather armour.
  2357 | D:4      | Found Jues Koss's Assorted Antiques.
  2373 | D:4      | 2373 ||| BUYING bubbling black potion (19 gold).
  2373 | D:4      | Bought a bubbling black potion for 19 gold pieces
  2373 | D:4      | 2373 ||| BUYING potion of heal wounds (110 gold).
  2373 | D:4      | Bought a potion of heal wounds for 110 gold pieces
  2373 | D:4      | 2373 ||| BUYING scroll labelled ADIFEV DAM (22 gold).
  2373 | D:4      | Bought a scroll labelled ADIFEV DAM for 22 gold pieces
  2373 | D:4      | 2373 ||| BUYING scroll labelled LEHOERR EMMO (22 gold).
  2373 | D:4      | Bought a scroll labelled LEHOERR EMMO for 22 gold pieces
  2373 | D:4      | 2373 ||| SHOPLISTING short copper wand (88 gold, have 43).
  2537 | D:4      | Reached XP level 6. HP: 36/36 MP: 7/7
  2550 | D:4      | Found Qodanass's Antique Weapon Boutique.
  2562 | D:4      | Reached skill level 3 in Fighting
  2572 | D:4      | 2572 ||| SHOPLISTING runed orcbow (143 gold, have 58).
  2718 | D:4      | Found Pitiwkue's Tremendous Tomes.
  2925 | D:4      | Found Kaguopt's Antique Weapon Shoppe.
  2932 | D:4      | 2932 ||| BUYING glowing orcbow (136 gold).
  2932 | D:4      | Bought a glowing orcbow for 136 gold pieces
  2932 | D:4      | 2932 ||| SWAPPING to +1 orcbow of flaming.
  2933 | D:4      | 2933 ||| DROPPING +3 sling of draining.
  3024 | D:4      | Noticed a black bear
  3027 | D:4      | Killed a black bear
  3028 | D:4      | Reached skill level 6 in Ranged Weapons
  3028 | D:4      | Reached XP level 7. HP: 41/41 MP: 8/8
  3162 | D:4      | 3162 ||| READING scroll labelled ADIFEV DAM.
  3163 | D:4      | 3163 ||| READING scroll labelled LEHOERR EMMO.
  3164 | D:4      | 3164 ||| READING 2 scrolls of identify.
  3164 | D:4      | 3164 ||| IDENTIFYING emerald potion
  3205 | D:5      | Entered Level 5 of the Dungeon
  3210 | D:5      | 3210 ||| STAIRDANCE
  3213 | D:4      | HP: 8/41 [ogre/+0 giant club (6)]
  3214 | D:4      | 3214 ||| DRINKING 2 potions of heal wounds.
  3414 | D:5      | Reached skill level 7 in Ranged Weapons
  3496 | D:5      | Reached XP level 8. HP: 43/48 MP: 9/9
  3529 | D:5      | Reached skill level 8 in Ranged Weapons
  4517 | D:5      | 4517 ||| UPGRADING to amulet of guardian spirit.
  4522 | D:5      | 4522 ||| READING scroll labelled IGITOWKEST.
  4526 | D:5      | 4526 ||| DRINKING 2 bubbling black potions.
  4527 | D:5      | 4527 ||| READING 2 scrolls of identify.
  4527 | D:5      | 4527 ||| IDENTIFYING bubbling sapphire potion
  4528 | D:5      | 4528 ||| DROPPING potion of lignification.
  4602 | D:6      | Reached skill level 9 in Ranged Weapons
  4617 | D:6      | Found a staircase to the Ecumenical Temple.
  4618 | D:6      | 4618 ||| PLANNING TEMPLE
  4626 | Temple   | Entered the Ecumenical Temple
  4874 | Temple   | 4874 ||| PLANNING D:1-11
  4999 | D:6      | Found a blossoming altar of Fedhas.
  5268 | D:6      | Killed from afar by a steam dragon

Levels and vault maps discovered:
D:1:      dpeg_arrival_rooms_a, layout_basic, chequers_serial_rivers_room_a
D:2:      layout_loops_cross, ebering_ecumenical_altar_rust, minmay_quantized
D:3:      layout_loops_ring
D:4:      layout_basic, serial_shops, shop_statue, shop_coins, shop,
          nicolae_shop_i_like_big_books
D:5:      layout_basic, grunt_ministairs_12, kennysheep_opposing_triangles
D:6:      layout_rooms, lemuel_doored_altar,
          mainiacjoe_overflow_small_starburst, minmay_temple_entry_grid,
          serial_bayou_lagoon_a
Temple:   minmay_temple_curvy_branch

Skill      XL: |  1  2  3  4  5  6  7  8 |
---------------+-------------------------+-----
Ranged Weapons | 3 4 5 6 7 9 |  9.2
Fighting       | 2 3 4 5 |  5.3
Armour         | 2 |  2.5
Dodging        | 2 |  2.1
Spellcasting   | |  1.0
Hexes          | |  2.6

Action                     |  1- 3 |  4- 6 |  7- 9 || total
---------------------------+-------+-------+-------++-------
   Fire: Sling             |   126 |   181 |       ||   307
         Orcbow            |       |     3 |   160 ||   163
    Use: Potion            |     2 |     3 |     2 ||     7
         Scroll            |     2 |     2 |     5 ||     9
 Armour: Robe              |    11 |       |       ||    11
         Leather armour    |    29 |    34 |       ||    63
         Ring mail         |       |       |    65 ||    65
  Dodge: Dodged            |    52 |    61 |    56 ||   169

Table legend:
 A = Non-vault XP
 B = Vault XP
 C = Vault XP percentage of total XP
 D = Non-vault monster count
 E = Vault monster count
 F = Vault count percentage of total count
                 A         B        C        D         E       F
            +---------+---------+-------+---------+---------+-------
      Total |    1767 |     374 |  17.5 |     100 |      14 |  12.3
            +---------+---------+-------+---------+---------+-------
        D:1 |      28 |       0 |   0.0 |      16 |       0 |   0.0
        D:2 |      51 |      24 |  32.0 |      20 |       6 |  23.1
        D:3 |     151 |       0 |   0.0 |      31 |       0 |   0.0
        D:4 |     495 |       0 |   0.0 |      14 |       0 |   0.0
        D:5 |     531 |     350 |  39.7 |       9 |       8 |  47.1
        D:6 |     511 |       0 |   0.0 |      10 |       0 |   0.0
            +---------+---------+-------+---------+---------+-------
